Map: Apotheosis LE

Players

Myst

  • Race: Terran Terran
  • League: Platinum

Tenonee - Winner!

  • Race: Terran Terran
  • League: Platinum

VOD

Have the link to the VOD?

Description

Time

  • Played on: July 24, 2016, 3:01 a.m.
  • Length: 5:13
Show
View Real Time Build Order
Export as new Build Order

Myst Terran 

Build Orders: 1/1/1 

Get SALT Encoding   

  12  0:00  SCV  
  13  0:13  SCV  
  14  0:18  Supply Depot  
  14  0:25  SCV  
  15  0:31  Refinery  
  15  0:39  SCV  
  16  0:45  Barracks  
  16  0:52  SCV  
  17  1:04  SCV, Refinery  
  18  1:17  SCV  
  19  1:33  Factory  
  19  1:34  Orbital Command  
  19  1:44  Supply Depot  
  19  1:49  Barracks Reactor  
  19  2:00  SCV  
  20  2:12  SCV  
  20  2:17  Factory Tech Lab  
  20  2:22  Starport  
  20  2:24  SCV  
  20  2:25  Marine  
  20  2:27  Marine  
  23  2:36  Siege Tank  
  26  2:44  SCV  
  26  2:47  Supply Depot  
  26  2:48  Marine  
  26  2:50  Marine  
  29  2:56  SCV  
  29  3:00  Medivac  
  31  3:21  Supply Depot  
  31  3:34  Barracks Reactor  
  31  3:41  SCV  
  31  3:43  Siege Tank  
  31  3:47  Viking x2  
  39  3:53  SCV  
  40  3:59  Supply Depot  
  40  4:05  SCV  
  41  4:11  Engineering Bay, Marine x2  
  43  4:17  Viking  
  43  4:20  SCV  
  46  4:25  Viking  
  48  4:32  SCV  
Show
View Real Time Build Order
Export as new Build Order

Tenonee Terran - Winner!

Build Orders:  

Get SALT Encoding   

  12  0:01  SCV  
  13  0:13  SCV  
  14  0:17  Supply Depot  
  14  0:26  SCV  
  15  0:39  SCV  
  16  0:44  Barracks  
  16  0:50  Refinery  
  16  0:51  SCV  
  17  1:03  SCV  
  18  1:15  SCV  
  20  1:33  Supply Depot  
  20  1:35  Orbital Command  
  20  1:37  Reaper  
  20  2:02  SCV  
  21  2:11  Command Center  
  21  2:17  SCV  
  21  2:22  Barracks Reactor  
  22  2:29  Factory  
  23  2:30  SCV  
  23  2:42  SCV  
  24  2:47  Refinery  
  24  2:54  SCV  
  25  3:01  Marine x2  
  27  3:06  SCV  
  28  3:18  SCV  
  28  3:19  Factory Tech Lab, Starport  
  28  3:21  Marine  
  28  3:22  Marine  
  28  3:24  Orbital Command  
  30  3:30  SCV  
  31  3:40  Siege Tank  
  34  3:44  Marine x2  
  34  3:46  SCV  
  37  3:49  Supply Depot  
  37  3:51  Supply Depot  
  37  3:52  SCV  
  38  3:57  Viking  
  38  3:58  SCV  
  38  4:02  Marine  
  42  4:03  Marine  
  42  4:04  SCV  
  44  4:10  SCV  
  44  4:17  SCV  
  46  4:22  Marine x2  
  46  4:23  Siege Tank  
  51  4:25  SCV  
  51  4:29  SCV  
  53  4:37  SCV  
  54  4:40  Marine  
  54  4:41  SCV  
Tags
 
Add a new tag
Caveats
  • Supply blocks, unpowered buildings, or Contaminate may cause inaccurate times.
  • Supply counts are checked every 10 seconds.